[Event "ICC tourney 2161 (75 10)"]
[Site "Internet Chess Club"]
[Date "2020.11.27"]
[Round "1"]
[White "RaymondJiang1"]
[Black "Aram99"]
[Result "0-1"]
[ICCResult "White checkmated"]
[WhiteElo "1456"]
[BlackElo "1700"]
[Opening "Sicilian: accelerated fianchetto, modern variation"]
[ECO "B34"]
[NIC "SI.33"]
[Time "11:04:14"]
[PlyCount "172"]
[TimeControl "4500+10"]


1. e4 c5 2. Nf3 Nc6 3. d4 cxd4 4. Nxd4 g6 5. Nc3 Bg7 6. Be3 Nf6 7. f3 O-O
8. Bc4 Qb6 9. a3 Nxe4 10. Nxe4 Nxd4 11. c3 Nc2+ 12. Qxc2 Qxe3+ 13. Qe2 Qb6
14. Nf2 Rd8 15. O-O d5 16. Ba2 e6 17. Kh1 Bd7 18. Rab1 Bb5 19. c4 Bxc4 20.
Bxc4 dxc4 21. Qxc4 Rd2 22. Nd3 Rd8 23. Nc5 Rc8 24. b4 Qd8 25. Qe4 b6 26.
Nb3 Rd3 27. a4 Rcc3 28. Na1 Re3 29. Qb7 Re2 30. Qxa7 Ra3 31. Rfd1 Qg5 32.
Qb8+ Bf8 33. Qg3 Qxg3 34. hxg3 Raa2 35. Rg1 Rxa4 36. b5 Bg7 37. Nb3 Rb4 38.
Nc1 Rxb1 39. Nxe2 Rxb5 40. Rc1 Bf6 41. f4 e5 42. Rc6 Kg7 43. fxe5 Bxe5 44.
Nf4 Rb3 45. Kh2 b5 46. Rc5 g5 47. Rxe5 gxf4 48. gxf4 Rb4 49. g3 f6 50. Re2
Kg6 51. Kh3 Rc4 52. Rb2 b4 53. Kg4 h5+ 54. Kh4 Rc1 55. Kh3 Rc4 56. Kh4 Rd4
57. Kh3 Kf5 58. Kh4 Rd1 59. Kh3 Rd4 60. Kh4 Ke4 61. Kxh5 Kd3 62. Kg6 Kc3
63. Rxb4 Rxb4 64. Kxf6 Kd4 65. Kg5 Ke4 66. g4 Kf3 67. f5 Rxg4+ 68. Kf6 Kf4
69. Ke6 Kg5 70. Ke5 Rf4 71. f6 Rxf6 72. Ke4 Rf5 73. Ke3 Rf4 74. Ke2 Kf5 75.
Ke3 Ke5 76. Kd3 Re4 77. Kc3 Rd4 78. Kb3 Kd5 79. Kc3 Kc5 80. Kb3 Rc4 81. Ka3
Rb4 82. Ka2 Kc4 83. Ka1 Kc3 84. Ka2 Ra4+ 85. Kb1 Ra5 86. Kc1 Ra1# { White
checkmated } 0-1

[Event "ICC tourney 2161 (75 10)"]
[Site "Internet Chess Club"]
[Date "2020.11.27"]
[Round "1"]
[White "Tomasleo"]
[Black "SamLightning"]
[Result "0-1"]
[ICCResult "White checkmated"]
[WhiteElo "1416"]
[BlackElo "1649"]
[Opening "Sicilian: Hungarian variation"]
[ECO "B27"]
[NIC "SI.43"]
[Time "11:04:21"]
[PlyCount "110"]
[TimeControl "4500+10"]


1. e4 c5 2. Nf3 g6 3. d3 Bg7 4. g3 Nc6 5. Bg2 d6 6. O-O Nf6 7. Bg5 O-O 8.
Qc1 Qb6 9. Nbd2 Bd7 10. Nc4 Qc7 11. a4 a5 12. Re1 e5 13. Bh6 Nd4 14. Nxd4
cxd4 15. Bxg7 Kxg7 16. Qd2 Be6 17. Na3 Rfc8 18. Rec1 Qd7 19. Nb5 Ra6 20. b4
axb4 21. Qxb4 Rcc6 22. Qd2 Bh3 23. Bh1 Ra8 24. Qb4 b6 25. Na3 Rac8 26. Nc4
Qc7 27. Rab1 h5 28. Nxb6 Rb8 29. a5 Rxc2 30. Qe1 Ng4 31. Nd5 Rxb1 32. Rxb1
Qc8 33. Nb6 Qa6 34. f3 Nxh2 35. Qd1 Ra2 36. Nc4 Nf1 37. Ra1 Rxa1 38. Qxa1
Nxg3 39. Kh2 Nxh1 40. Kxh1 Be6 41. Nb2 d5 42. Qa3 dxe4 43. fxe4 h4 44. Qc5
f6 45. Nc4 Bxc4 46. dxc4 Qb7 47. Kg1 Qb1+ 48. Kh2 Qc2+ 49. Kh3 Qf2 50. Qa3
Qf4 51. a6 Qxe4 52. a7 Qh1+ 53. Kg4 f5+ 54. Kg5 Qg2+ 55. Kxh4 Qg4# { White
checkmated } 0-1

[Event "ICC tourney 2161 (75 10)"]
[Site "Internet Chess Club"]
[Date "2020.11.27"]
[Round "1"]
[White "AwarePiece"]
[Black "kinpin007"]
[Result "1/2-1/2"]
[ICCResult "Game drawn by mutual agreement"]
[WhiteElo "1779"]
[BlackElo "1525"]
[Opening "Caro-Kann: exchange variation"]
[ECO "B13"]
[NIC "CK.02"]
[Time "11:04:36"]
[PlyCount "72"]
[TimeControl "4500+10"]


1. e4 c6 2. d4 d5 3. exd5 cxd5 4. Bd3 Nf6 5. h3 Nc6 6. c3 e6 7. Nf3 Bd6 8.
O-O O-O 9. Bg5 Bd7 10. Qc2 h6 11. Bh4 Rc8 12. Re1 Nb4 13. Qd2 Nxd3 14. Qxd3
a6 15. a4 b5 16. Ne5 Be8 17. Na3 b4 18. cxb4 Bxb4 19. Reb1 Bxa4 20. Qxa6
Ra8 21. Qd3 g5 22. Bg3 Ne4 23. b3 Be8 24. Nc2 Rxa1 25. Rxa1 Be7 26. Bh2 f6
27. f3 fxe5 28. fxe4 dxe4 29. Qxe4 exd4 30. Nxd4 Qb6 31. Qxe6+ Qxe6 32.
Nxe6 Rf6 33. Nc7 Bc5+ 34. Kh1 Bf7 35. Bg1 Bxg1 36. Kxg1 Bxb3 { Game drawn
by mutual agreement } 1/2-1/2

[Event "ICC tourney 2161 (75 10)"]
[Site "Internet Chess Club"]
[Date "2020.11.27"]
[Round "1"]
[White "mancogu"]
[Black "ChunkyApple"]
[Result "1-0"]
[ICCResult "Black checkmated"]
[WhiteElo "1602"]
[BlackElo "1286"]
[Opening "Petrov three knights game"]
[ECO "C42"]
[NIC "RG.01"]
[Time "11:04:24"]
[PlyCount "143"]
[TimeControl "4500+10"]


1. e4 e5 2. Nf3 Nf6 3. Nc3 Bb4 4. d3 Nc6 5. Be2 d5 6. exd5 Nxd5 7. Bd2 Bf5
8. Nxd5 Qxd5 9. O-O O-O 10. Bxb4 Nxb4 11. a3 Nc6 12. Nd2 Qd4 13. Rb1 Rfe8
14. Bf3 Qd7 15. Re1 b5 16. Ne4 Bxe4 17. Bxe4 Rad8 18. Bxc6 Qxc6 19. Qe2 a6
20. Rbd1 h6 21. h3 Qd5 22. c4 Qd4 23. Qc2 Qc5 24. Rc1 bxc4 25. dxc4 a5 26.
Qa4 Rb8 27. Red1 e4 28. Rd5 Qb6 29. Rb5 Qe6 30. Re1 c6 31. Rxb8 Rxb8 32.
Qxa5 Rxb2 33. Qd8+ Kh7 34. Qd4 Ra2 35. Rxe4 c5 36. Qd3 Rxa3 37. Qxa3 Qxe4
38. Qxc5 Kg6 39. g3 Kf6 40. Qd6+ Qe6 41. Qd8+ Qe7 42. Qxe7+ Kxe7 43. Kf1
Kd6 44. Ke2 f5 45. f4 Kc5 46. Kd3 g5 47. Kc3 gxf4 48. gxf4 h5 49. h4 Kc6
50. Kd4 Kd6 51. c5+ Ke6 52. c6 Kd6 53. c7 Kxc7 54. Ke5 Kd7 55. Kxf5 Ke7 56.
Kg6 Kf8 57. Kxh5 Kg7 58. Kg5 Kf7 59. f5 Kg7 60. f6+ Kf7 61. h5 Kg8 62. Kg6
Kh8 63. Kf5 Kg8 64. Ke6 Kf8 65. f7 Kg7 66. Ke7 Kh7 67. h6 Kxh6 68. f8=Q+
Kh7 69. Qf5+ Kg8 70. Qg4+ Kh7 71. Kf6 Kh8 72. Qg7# { Black checkmated } 1-0

[Event "ICC tourney 2161 (75 10)"]
[Site "Internet Chess Club"]
[Date "2020.11.27"]
[Round "1"]
[White "TheOrcaPro"]
[Black "Liopleuradon15"]
[Result "0-1"]
[ICCResult "White checkmated"]
[WhiteElo "1735"]
[BlackElo "1474"]
[Opening "Ruy Lopez: Berlin defense"]
[ECO "C65"]
[NIC "RL.07"]
[Time "11:04:10"]
[PlyCount "158"]
[TimeControl "4500+10"]


1. e4 e5 2. Nf3 Nc6 3. Bb5 Nf6 4. d3 d6 5. h3 Be7 6. Be3 O-O 7. c3 a6 8.
Ba4 h6 9. Nbd2 Be6 10. O-O Nh7 11. d4 exd4 12. Nxd4 Nxd4 13. cxd4 d5 14. e5
f5 15. f4 Rc8 16. Rc1 c5 17. Nf3 b5 18. Bb3 c4 19. Bc2 Re8 20. Bb1 Nf8 21.
Nd2 Ng6 22. Qh5 Nf8 23. Bxf5 Bxf5 24. Qxf5 g6 25. Qc2 Rc6 26. f5 gxf5 27.
Qxf5 Rg6 28. Nf3 Bg5 29. Nxg5 hxg5 30. Rf3 Rg7 31. Qf6 Ne6 32. Qxd8 Rxd8
33. Rf6 Re8 34. Kh2 Rd7 35. Kg3 a5 36. Kg4 b4 37. Kf5 Rde7 38. a3 b3 39.
Rd1 Kg7 40. Bxg5 Nxd4+ 41. Rxd4 Rxe5+ 42. Kf4 c3 43. Rd1 c2 44. Rc1 Re1 45.
Kf5 R8e5+ 46. Kf4 Rxc1 47. Kxe5 Re1+ 48. Kf5 Rf1+ 49. Ke6 Rxf6+ 50. Bxf6+
Kg6 51. Bc3 c1=Q 52. Kxd5 Qg5+ 53. Kc4 a4 54. Kb4 Qf4+ 55. Kb5 Qe4 56. g4
Qe8+ 57. Kb4 Qc6 58. h4 Qe4+ 59. Kb5 Qxg4 60. h5+ Kxh5 61. Ka5 Kg5 62. Kb5
Kf5 63. Ka5 Qc4 64. Kb6 Ke4 65. Ka5 Kd5 66. Bb4 Kc6 67. Kxa4 Qc2 68. Bc3
Kd5 69. Kb4 Kc6 70. Kc4 Kb6 71. Kb4 Qd1 72. Kc4 Kc6 73. Kb4 Qd5 74. a4 Kb6
75. a5+ Ka6 76. Ka4 Qb5+ 77. Ka3 Qc4 78. Bb4 Kb5 79. Bc3 Qa4# { White
checkmated } 0-1

[Event "ICC tourney 2161 (75 10)"]
[Site "Internet Chess Club"]
[Date "2020.11.27"]
[Round "1"]
[White "iamvoltu"]
[Black "cdj12417489"]
[Result "1-0"]
[ICCResult "Black forfeits on time"]
[WhiteElo "1600"]
[BlackElo "1259"]
[Opening "King's Indian: London system"]
[ECO "A45"]
[NIC "QP.07"]
[Time "11:04:20"]
[PlyCount "101"]
[TimeControl "4500+10"]


1. d4 Nf6 2. Bf4 g6 3. Nf3 d6 4. c3 Bg7 5. e3 Nh5 6. Bg3 Nxg3 7. hxg3 e6 8.
Nbd2 b6 9. Bd3 Bb7 10. e4 Nd7 11. a4 c5 12. Rc1 cxd4 13. cxd4 Rc8 14. O-O
Rxc1 15. Qxc1 O-O 16. Qc2 Qb8 17. Qb1 Rc8 18. Rc1 Rc7 19. Rc3 Rxc3 20. bxc3
Qc7 21. Qb3 Nb8 22. Bb5 Ba6 23. Bxa6 Nxa6 24. Qb5 Nb8 25. Qe8+ Bf8 26. Ng5
Qe7 27. Nxh7 Nd7 28. Qxd7 Kxh7 29. Qxe7 Bxe7 30. Nc4 f6 31. f4 d5 32. exd5
exd5 33. Ne3 Kg7 34. Nxd5 Bd6 35. Kf2 Kf7 36. Ke3 Ke6 37. c4 f5 38. Kd3 Kf7
39. Ke3 Ke6 40. Kf3 Kf7 41. g4 fxg4+ 42. Kxg4 Ba3 43. Kf3 Bb2 44. Ke4 Bc1
45. g4 g5 46. f5 Ba3 47. Nc7 Bd6 48. Nb5 Bb8 49. Kd5 Kf6 50. Nd6 Bc7 51.
Ne8+ { Black forfeits on time } 1-0

[Event "ICC tourney 2161 (75 10)"]
[Site "Internet Chess Club"]
[Date "2020.11.27"]
[Round "1"]
[White "Supersky"]
[Black "shrey16ultimate"]
[Result "0-1"]
[ICCResult "White checkmated"]
[WhiteElo "1312"]
[BlackElo "1606"]
[Opening "Queen's pawn game"]
[ECO "D04"]
[NIC "QP.06"]
[Time "11:04:10"]
[PlyCount "96"]
[TimeControl "4500+10"]


1. d4 Nf6 2. Nf3 d5 3. e3 Bf5 4. b3 e6 5. c4 c6 6. Bd3 Bg6 7. O-O Nbd7 8.
Bxg6 hxg6 9. Nbd2 Bd6 10. Bb2 Ne4 11. Ne5 Nxd2 12. Qxd2 Qc7 13. f4 Rd8 14.
c5 Bxe5 15. fxe5 f6 16. Qc2 f5 17. b4 Nf8 18. Qf2 Nh7 19. Qg3 g5 20. h3 Qe7
21. Qf3 Nf8 22. Kf2 Ng6 23. Rh1 Kd7 24. g3 Rdf8 25. Bc1 Rh6 26. Ke2 Rfh8
27. Qf1 R6h7 28. Bd2 g4 29. h4 Nf8 30. Qg2 Rh5 31. a4 Nh7 32. b5 g5 33.
bxc6+ Kxc6 34. hxg5 Nxg5 35. Rxh5 Rxh5 36. Rh1 Qh7 37. Rxh5 Qxh5 38. Be1
Ne4 39. Kd3 Qh3 40. Qg1 Kd7 41. Kc2 Ng5 42. Kb3 Nf3 43. Qf2 Qh1 44. Bc3
Qb1+ 45. Bb2 Qd1+ 46. Ka3 Nd2 47. Kb4 Qb3+ 48. Ka5 Nc4# { White checkmated
} 0-1

[Event "ICC tourney 2161 (75 10)"]
[Site "Internet Chess Club"]
[Date "2020.11.27"]
[Round "1"]
[White "davidtxie"]
[Black "JavierDix"]
[Result "1/2-1/2"]
[ICCResult "Game drawn by mutual agreement"]
[WhiteElo "1682"]
[BlackElo "1421"]
[Opening "French: Tarrasch, closed variation"]
[ECO "C05"]
[NIC "FR.17"]
[Time "11:04:25"]
[PlyCount "166"]
[TimeControl "4500+10"]


1. e4 e6 2. d4 d5 3. Nd2 Nf6 4. e5 Nfd7 5. Bd3 c5 6. c3 Nc6 7. Ne2 Qb6 8.
Nf3 cxd4 9. cxd4 Bb4+ 10. Bd2 Bxd2+ 11. Qxd2 Qb4 12. a3 Qxd2+ 13. Nxd2 O-O
14. O-O b6 15. b4 a6 16. b5 axb5 17. Bxb5 Na7 18. Nc3 Nxb5 19. Nxb5 Ba6 20.
a4 f6 21. f4 fxe5 22. fxe5 Bxb5 23. axb5 Rxf1+ 24. Rxf1 Ra2 25. Nb3 Rb2 26.
Rf3 Nf8 27. Rc3 h6 28. h3 Ng6 29. g3 Kh7 30. h4 h5 31. Nc1 Rxb5 32. Nd3 Kg8
33. Kf2 Kh7 34. Kf3 Kh6 35. Rc6 Rb3 36. Ke3 Nf8 37. Rc8 Ng6 38. Re8 Kh7 39.
Rxe6 Nf8 40. Rd6 Rb5 41. Nf4 Rb3+ 42. Kf2 Rb2+ 43. Kg1 b5 44. e6 Rb1+ 45.
Kh2 Re1 46. Rxd5 Nxe6 47. Nxe6 Rxe6 48. Rxh5+ Kg6 49. Rxb5 Rd6 50. Rg5+ Kf6
51. d5 g6 52. Kg2 Ra6 53. Kf3 Ra4 54. d6 Rd4 55. Rg4 Rxd6 56. Rf4+ Kg7 57.
Kg4 Rd5 58. Ra4 Rc5 59. Ra7+ Kf6 60. Rh7 Rc4+ 61. Kh3 Rb4 62. h5 gxh5 63.
Rxh5 Kg6 64. Rc5 Ra4 65. g4 Rb4 66. Kh4 Ra4 67. Rc6+ Kg7 68. Kh5 Ra5+ 69.
g5 Rb5 70. Rc7+ Kg8 71. Kh6 Rb6+ 72. g6 Rb8 73. Rg7+ Kh8 74. Ra7 Kg8 75.
Ra6 Rc8 76. g7 Rb8 77. Rf6 Ra8 78. Kg6 Rb8 79. Rf5 Rb6+ 80. Rf6 Rb8 81. Kh6
Ra8 82. Rd6 Rb8 83. Ra6 Rc8 { Game drawn by mutual agreement } 1/2-1/2

[Event "ICC tourney 2161 (75 10)"]
[Site "Internet Chess Club"]
[Date "2020.11.27"]
[Round "1"]
[White "otcm"]
[Black "Han366"]
[Result "0-1"]
[ICCResult "White resigns"]
[WhiteElo "1448"]
[BlackElo "1700"]
[Opening "King's Indian: Kramer system"]
[ECO "E70"]
[NIC "KI.31"]
[Time "11:04:35"]
[PlyCount "138"]
[TimeControl "4500+10"]


1. d4 Nf6 2. c4 g6 3. Nc3 Bg7 4. e4 d6 5. Nge2 O-O 6. Ng3 Nbd7 7. Be2 e5 8.
d5 a5 9. h4 h5 10. Bg5 Nc5 11. Rb1 Bd7 12. Qd2 Qe8 13. Bh6 Nh7 14. Bxh5 Qe7
15. Be2 f5 16. Bxg7 Qxg7 17. h5 f4 18. h6 Qf6 19. Nf1 Rf7 20. f3 Qe7 21.
Nb5 Bxb5 22. cxb5 b6 23. Qc3 Nf6 24. Nd2 Nh5 25. Nb3 Qg5 26. Kd2 Ng3 27.
Nxc5 bxc5 28. Rhg1 Rh7 29. a3 Rxh6 30. b4 axb4 31. axb4 Ra2+ 32. Rb2 Rxb2+
33. Qxb2 cxb4 34. Qxb4 Qd8 35. Bd3 Qb8 36. Qa5 Rh2 37. Qa6 Kg7 38. Qc6 Qa7
39. Qd7+ Kh6 40. Rb1 Rxg2+ 41. Kc3 Qc5+ 42. Kb3 Rd2 43. Bc4 Rf2 44. Qh3+
Nh5 45. Qg4 Qe3+ 46. Kb4 Rxf3 47. Rb3 Qc5+ 48. Ka5 Rxb3 49. Bxb3 Qc3+ 50.
Ka4 Qg3 51. Qc8 Qc3 52. Qh8+ Kg5 53. Qd8+ Nf6 54. Qc8 f3 55. Qh3 Qd4+ 56.
Ka3 Qxe4 57. Qg3+ Qg4 58. Qf2 Qf4 59. Bc2 e4 60. Qg1+ Kf5 61. Qf2 g5 62.
Qf1 Ke5 63. Qa1+ Kf5 64. Qh1 g4 65. Qh8 f2 66. Qc8+ Ke5 67. Qxc7 f1=Q 68.
Qc3+ Kf5 69. Qc8+ Kg5 { White resigns } 0-1

[Event "ICC tourney 2161 (75 10)"]
[Site "Internet Chess Club"]
[Date "2020.11.27"]
[Round "2"]
[White "TheSuperKing"]
[Black "Tomasleo"]
[Result "1-0"]
[ICCResult "Black resigns"]
[WhiteElo "1731"]
[BlackElo "1416"]
[Opening "Ruy Lopez: 5.O-O"]
[ECO "C78"]
[NIC "RL.12"]
[Time "14:46:34"]
[PlyCount "43"]
[TimeControl "4500+10"]


1. e4 e5 2. Nf3 Nc6 3. Bb5 a6 4. Ba4 Nf6 5. O-O Bb4 6. Bxc6 dxc6 7. Nxe5
O-O 8. d3 Bd6 9. Nf3 Bg4 10. h3 Bh5 11. g4 Bg6 12. e5 Be7 13. exf6 Bxf6 14.
Nc3 h5 15. Nh2 hxg4 16. Nxg4 Bd4 17. Ne2 Qh4 18. Nxd4 Qxh3 19. Qf3 Qh5 20.
Bf4 c5 21. Ne2 Bf5 22. Nf6+ { Black resigns } 1-0

[Event "ICC tourney 2161 (75 10)"]
[Site "Internet Chess Club"]
[Date "2020.11.27"]
[Round "2"]
[White "stephenwilly"]
[Black "StevChess01"]
[Result "1-0"]
[ICCResult "Black checkmated"]
[WhiteElo "1445"]
[BlackElo "1725"]
[Opening "Sicilian: O'Kelly variation"]
[ECO "B28"]
[NIC "SI.43"]
[Time "14:46:29"]
[PlyCount "55"]
[TimeControl "4500+10"]


1. e4 c5 2. Nf3 a6 3. d4 cxd4 4. Nxd4 Nf6 5. Nc3 e5 6. Nf3 Bb4 7. Bc4 O-O
8. O-O Bxc3 9. bxc3 Qc7 10. Bb3 d6 11. Bg5 Nxe4 12. Qd3 Nxc3 13. Bd2 Nb5
14. Ng5 g6 15. Qg3 Kg7 16. Nxh7 Kxh7 17. Qh4+ Kg8 18. Bg5 Nd7 19. Qh6 Nd4
20. Qxg6+ Kh8 21. Bxf7 Rxf7 22. Qxf7 Qxc2 23. f4 Qf5 24. Qe8+ Kg7 25. fxe5
Qxg5 26. Rf7+ Kh6 27. Qh8+ Kg6 28. Qh7# { Black checkmated } 1-0

[Event "ICC tourney 2161 (75 10)"]
[Site "Internet Chess Club"]
[Date "2020.11.27"]
[Round "2"]
[White "narayan0811"]
[Black "MehPlayer"]
[Result "1-0"]
[ICCResult "Black resigns"]
[WhiteElo "1371"]
[BlackElo "1548"]
[Opening "Sicilian: Alapin's variation (2.c3)"]
[ECO "B22"]
[NIC "SI.46"]
[Time "14:46:38"]
[PlyCount "31"]
[TimeControl "4500+10"]


1. e4 c5 2. c3 d5 3. exd5 Qxd5 4. d4 Nf6 5. Nf3 Nc6 6. Be2 e6 7. O-O cxd4
8. cxd4 Bb4 9. Nc3 Qd8 10. Bg5 h6 11. Bxf6 Qxf6 12. d5 Bxc3 13. dxc6 Bxb2
14. cxb7 Bxb7 15. Qa4+ Kf8 16. Qb4+ { Black resigns } 1-0

[Event "ICC tourney 2161 (75 10)"]
[Site "Internet Chess Club"]
[Date "2020.11.27"]
[Round "2"]
[White "kinpin007"]
[Black "MikeWMason"]
[Result "0-1"]
[ICCResult "White resigns"]
[WhiteElo "1525"]
[BlackElo "1762"]
[Opening "Benkö gambit"]
[ECO "A57"]
[NIC "BI.46"]
[Time "14:46:36"]
[PlyCount "28"]
[TimeControl "4500+10"]


1. d4 Nf6 2. c4 c5 3. d5 b5 4. b3 bxc4 5. bxc4 g6 6. Nc3 Bg7 7. Rb1 d6 8.
Nf3 Bf5 9. Qa4+ Nfd7 10. Rb3 Bc2 11. Rxb8 Bxc3+ 12. Bd2 Bxd2+ 13. Kxd2 Bxa4
14. Rxd8+ Rxd8 { White resigns } 0-1

[Event "ICC tourney 2161 (75 10)"]
[Site "Internet Chess Club"]
[Date "2020.11.27"]
[Round "2"]
[White "MathMonkey"]
[Black "CheddarCheng1"]
[Result "1-0"]
[ICCResult "Black checkmated"]
[WhiteElo "1147"]
[BlackElo "1463"]
[Opening "Ruy Lopez: closed defense"]
[ECO "C84"]
[NIC "RL.13"]
[Time "14:46:19"]
[PlyCount "61"]
[TimeControl "4500+10"]


1. e4 e5 2. Nf3 Nc6 3. Bb5 a6 4. Ba4 Nf6 5. O-O Be7 6. c3 Nxe4 7. Re1 Nc5
8. Bc2 d6 9. d4 Nd7 10. d5 Na7 11. Nbd2 O-O 12. a4 Nc5 13. b4 Nd7 14. c4 f5
15. Bb2 Nf6 16. h3 c6 17. Bb3 Qb6 18. dxc6 bxc6 19. c5+ d5 20. cxb6 Bxb4
21. bxa7 Rxa7 22. Bxe5 Ne4 23. Rc1 Bc5 24. Nxe4 fxe4 25. Rxc5 exf3 26. Rxc6
fxg2 27. Qxd5+ Kh8 28. Bd6 Rd8 29. Bc5 Rxd5 30. Rxc8+ Rd8 31. Rxd8# { Black
checkmated } 1-0

[Event "ICC tourney 2161 (75 10)"]
[Site "Internet Chess Club"]
[Date "2020.11.27"]
[Round "2"]
[White "clammer"]
[Black "lovechess12"]
[Result "0-1"]
[ICCResult "White checkmated"]
[WhiteElo "1549"]
[BlackElo "1285"]
[Opening "Réti opening"]
[ECO "A05"]
[NIC "QP.11"]
[Time "14:47:00"]
[PlyCount "76"]
[TimeControl "4500+10"]


1. Nf3 Nf6 2. d3 d5 3. Bg5 h6 4. Bxf6 exf6 5. Nbd2 c5 6. c3 Nc6 7. g3 Bd6
8. Bg2 O-O 9. Qc2 Bf5 10. h4 Rc8 11. Nh2 d4 12. c4 Re8 13. Ndf3 Nb4 14. Qd2
Bxd3 15. Bh3 Bxe2 16. Bxc8 Nd3+ 17. Qxd3 Bxd3+ 18. Kd2 Bxc4 19. Bxb7 Qb6
20. Rhe1 Qxb2+ 21. Kd1 Qxa1+ 22. Kd2 Qb2+ 23. Kd1 Rxe1+ 24. Nxe1 Qxb7 25.
Nhf3 Bd5 26. Nd2 Bxa2 27. Kc2 c4 28. f4 d3+ 29. Nxd3 cxd3+ 30. Kxd3 Bb4 31.
Nc4 Bxc4+ 32. Kxc4 a5 33. f5 Qc6+ 34. Kb3 Be1 35. h5 Qc5 36. g4 Qb4+ 37.
Kc2 Qc3+ 38. Kd1 Qd2# { White checkmated } 0-1

[Event "ICC tourney 2161 (75 10)"]
[Site "Internet Chess Club"]
[Date "2020.11.27"]
[Round "2"]
[White "falcongw"]
[Black "Aserah"]
[Result "1-0"]
[ICCResult "Black checkmated"]
[WhiteElo "1256"]
[BlackElo "1504"]
[Opening "Pirc: classical (two knights) system"]
[ECO "B08"]
[NIC "PU.10"]
[Time "14:46:51"]
[PlyCount "119"]
[TimeControl "4500+10"]


1. e4 d6 2. d4 Nf6 3. Nc3 g6 4. Nf3 Bg7 5. Bc4 O-O 6. Bg5 Nbd7 7. e5 Ng4 8.
e6 Nb6 9. exf7+ Kh8 10. Qe2 Nf6 11. Be6 Bxe6 12. Qxe6 c6 13. O-O-O Qd7 14.
d5 cxd5 15. Qxd7 Nbxd7 16. Nxd5 Rxf7 17. Rhe1 Nxd5 18. Rxd5 Ne5 19. Nxe5
Bxe5 20. f4 Bxf4+ 21. Bxf4 Rxf4 22. Rxe7 Raf8 23. b3 Rf1+ 24. Kb2 R1f2 25.
Rxb7 Rxg2 26. Rxa7 Rxh2 27. a4 h5 28. Rxd6 h4 29. Rdd7 Rc8 30. a5 h3 31.
Rh7+ Kg8 32. Rag7+ Kf8 33. Rh8+ Kxg7 34. Rxc8 Rg2 35. a6 h2 36. a7 h1=Q 37.
a8=Q Qd1 38. Qxg2 Qd4+ 39. Kb1 Qd1+ 40. Ka2 Qd7 41. Qc6 Qa7+ 42. Kb2 Qe3
43. Qc3+ Qxc3+ 44. Kxc3 g5 45. Rc4 Kh6 46. b4 Kh5 47. b5 g4 48. Rxg4 Kxg4
49. b6 Kf5 50. b7 Ke4 51. b8=Q Ke3 52. Qe8+ Kf4 53. Kd4 Kf5 54. Qf7+ Kg4
55. Ke4 Kg3 56. Qf4+ Kg2 57. Qe3 Kh2 58. Qg5 Kh3 59. Kf3 Kh2 60. Qg2# {
Black checkmated } 1-0

[Event "ICC tourney 2161 (75 10)"]
[Site "Internet Chess Club"]
[Date "2020.11.27"]
[Round "2"]
[White "SamLightning"]
[Black "ChessG2011"]
[Result "1-0"]
[ICCResult "Black checkmated"]
[WhiteElo "1649"]
[BlackElo "1200"]
[Opening "Trompowsky attack (Ruth, Opocenský opening)"]
[ECO "A45"]
[NIC "QP.07"]
[Time "14:46:23"]
[PlyCount "115"]
[TimeControl "4500+10"]


1. d4 Nf6 2. Bg5 g6 3. Bxf6 exf6 4. e3 Bg7 5. Ne2 O-O 6. Nf4 f5 7. h4 c5 8.
c3 Nc6 9. dxc5 Qe7 10. h5 Qxc5 11. hxg6 fxg6 12. Qb3+ d5 13. Qxd5+ Qxd5 14.
Nxd5 Be6 15. Nc7 Rae8 16. Nxe6 Rf7 17. Ng5 Rd7 18. Bc4+ Kf8 19. Ne6+ Kg8
20. Nc7+ Kf8 21. Nxe8 Kxe8 22. Nd2 Ne5 23. Bb5 Nc6 24. Bxc6 bxc6 25. Rxh7
Bxc3 26. Rxd7 Bxb2 27. Rb1 Kxd7 28. Rxb2 Kd6 29. Nc4+ Kc5 30. Ne5 g5 31.
Rc2+ Kd5 32. Nxc6 a6 33. Ne7+ Ke6 34. Nxf5 Kxf5 35. Rc5+ Kf6 36. Rc6+ Kf5
37. Rxa6 Kg4 38. Rb6 Kf5 39. a4 g4 40. a5 g3 41. Rb5+ Ke6 42. fxg3 Kd6 43.
a6 Kc6 44. a7 Kxb5 45. a8=Q Kc5 46. Qb7 Kd6 47. Qb5 Kc7 48. Qa6 Kd7 49. Qf6
Kc7 50. Qe6 Kb7 51. Qd6 Ka7 52. Qb4 Ka6 53. g4 Ka7 54. g5 Ka6 55. g6 Ka7
56. g7 Ka6 57. g8=Q Ka7 58. Qa2# { Black checkmated } 1-0

[Event "ICC tourney 2161 (75 10)"]
[Site "Internet Chess Club"]
[Date "2020.11.27"]
[Round "2"]
[White "Eagle2020"]
[Black "VincentT2008"]
[Result "0-1"]
[ICCResult "White checkmated"]
[WhiteElo "1505"]
[BlackElo "1751"]
[Opening "two knights defense: Fritz variation"]
[ECO "C57"]
[NIC "KP.01"]
[Time "14:46:41"]
[PlyCount "56"]
[TimeControl "4500+10"]


1. e4 e5 2. Nf3 Nc6 3. Bc4 Nf6 4. Ng5 d5 5. exd5 Nd4 6. O-O h6 7. c3 hxg5
8. cxd4 e4 9. d3 Bd6 10. g3 Qd7 11. f4 Qh3 12. Qc2 Ng4 13. dxe4 Nxh2 14.
Qg2 Qxg2+ 15. Kxg2 Nxf1 16. Bxf1 Bh3+ 17. Kf2 Bxf1 18. Kxf1 Rh1+ 19. Ke2
Rxc1 20. fxg5 O-O-O 21. a4 Bxg3 22. Kd2 Bf4+ 23. Kd3 Rh8 24. b4 Rh3+ 25.
Ke2 Rc2+ 26. Kd1 Rg2 27. Nd2 Rxd2+ 28. Ke1 Rh1# { White checkmated } 0-1

[Event "ICC tourney 2161 (75 10)"]
[Site "Internet Chess Club"]
[Date "2020.11.27"]
[Round "2"]
[White "ChunkyApple"]
[Black "vedu24"]
[Result "0-1"]
[ICCResult "White checkmated"]
[WhiteElo "1286"]
[BlackElo "1524"]
[Opening "Giuoco Pianissimo: Canal variation"]
[ECO "C50"]
[NIC "IG.02"]
[Time "14:46:33"]
[PlyCount "78"]
[TimeControl "4500+10"]


1. e4 e5 2. Nf3 Nc6 3. Bc4 Bc5 4. Nc3 Nf6 5. d3 d6 6. Bg5 h6 7. Bh4 g5 8.
Bg3 Bg4 9. h3 Bh5 10. Bb5 Qe7 11. Nd5 Nxd5 12. exd5 a6 13. Bxc6+ bxc6 14.
dxc6 f5 15. h4 f4 16. hxg5 hxg5 17. Bh2 g4 18. Nd2 g3 19. f3 Qh4 20. Ne4
gxh2+ 21. Kd2 Bg6 22. Nxc5 dxc5 23. Qe2 O-O-O 24. Rae1 Qe7 25. Kc1 c4 26.
dxc4 Qc5 27. Qxe5 Qxe5 28. Rxe5 Rde8 29. Ra5 Re2 30. c3 Rc2+ 31. Kd1 Rd8+
32. Ke1 Rc1+ 33. Ke2 Rxh1 34. Rxa6 Kb8 35. Ra5 Bd3+ 36. Kd2 Bxc4+ 37. Kc2
Rc1+ 38. Kxc1 h1=Q+ 39. Kc2 Qd1# { White checkmated } 0-1

[Event "ICC tourney 2161 (75 10)"]
[Site "Internet Chess Club"]
[Date "2020.11.27"]
[Round "2"]
[White "handsomematch"]
[Black "UltimateDL"]
[Result "0-1"]
[ICCResult "White checkmated"]
[WhiteElo "1222"]
[BlackElo "1480"]
[Opening "Sicilian: accelerated fianchetto, modern variation"]
[ECO "B34"]
[NIC "SI.33"]
[Time "14:47:12"]
[PlyCount "116"]
[TimeControl "4500+10"]


1. e4 c5 2. Nf3 Nc6 3. d4 cxd4 4. Nxd4 g6 5. Nc3 Bg7 6. Be3 Nf6 7. f3 O-O
8. Qd2 d5 9. O-O-O dxe4 10. fxe4 Ng4 11. Bg1 Nxd4 12. Bxd4 Bh6 13. Be3 Bxe3
14. Qxe3 Nxe3 15. Rxd8 Rxd8 16. g3 Nxf1 17. Rxf1 Bg4 18. Nd5 Kf8 19. Ne3
Be6 20. Ng2 Bh3 21. Rf2 Bxg2 22. Rxg2 Rd4 23. Re2 Rad8 24. c3 Rd1+ 25. Kc2
Kg7 26. e5 b5 27. b3 h5 28. h4 Ra1 29. Kb2 Rad1 30. Kc2 a5 31. Rf2 R1d2+
32. Rxd2 Rxd2+ 33. Kxd2 f6 34. exf6+ Kxf6 35. Ke2 e5 36. Ke3 Kf5 37. Kf3
e4+ 38. Kf2 Ke5 39. a3 a4 40. bxa4 bxa4 41. Ke3 Kd5 42. Kf4 Kc4 43. Kxe4
Kxc3 44. Kf4 Kb3 45. Kg5 Kxa3 46. Kxg6 Kb2 47. Kxh5 a3 48. g4 a2 49. g5
a1=Q 50. Kh6 Qa6+ 51. g6 Qf6 52. h5 Qh8+ 53. Kg5 Kc3 54. h6 Kd4 55. h7 Ke5
56. Kh6 Kf5 57. Kh5 Qf6 58. Kh6 Qxg6# { White checkmated } 0-1